Map: Ever Dream LE

Players

Nice

  • Race: Protoss Protoss
  • Spawn Location: 1:00

Reynor - Winner!

  • Race: Zerg Zerg
  • League: Master
  • Spawn Location: 7:00

Event: DreamHack SC2 Masters 2020 Fall

VOD

Have the link to the VOD?

Description

Time

  • Played on: Sept. 16, 2020, 9:23 a.m.
  • Length: 8:14

All games in this series

Show
View Real Time Build Order
Export as new Build Order

Nice Protoss 

Build Orders:  

Get SALT Encoding   

  12  0:00  Probe  
  13  0:12  Probe  
  14  0:18  Pylon  
  14  0:24  Probe  
  15  0:36  Probe (Chrono Boost)  
  15  0:40  Gateway  
  16  0:48  Probe (Chrono Boost)  
  17  0:50  Assimilator  
  17  0:53  Probe (Chrono Boost)  
  18  1:03  Probe  
  19  1:04  Pylon  
  19  1:19  Gateway  
  19  1:27  Cybernetics Core  
  19  1:29  Zealot (Chrono Boost)  
  21  1:34  Probe  
  22  1:44  Pylon  
  22  1:49  Zealot  
  24  1:56  Pylon  
  24  2:03  Pylon  
  24  2:14  Warp Gate  
  24  2:21  Adept (Chrono Boost), Probe  
  27  2:28  Adept (Chrono Boost)  
  29  2:41  Shield Battery  
  29  2:43  Adept  
  31  2:57  Shield Battery  
  31  3:18  Adept (Chrono Boost)  
  31  3:24  Assimilator  
  31  3:31  Pylon  
  31  3:32  Shield Battery  
  31  3:33  Shield Battery  
  31  3:47  Adept (Chrono Boost)  
  31  3:49  Adept  
  31  4:09  Gateway  
  31  4:27  Stalker  
  31  4:37  Probe  
  30  4:42  Stalker  
  32  4:48  Nexus  
  32  4:50  Probe  
  32  4:52  Sentry  
  35  5:03  Gateway, Probe (Chrono Boost)  
  36  5:12  Probe (Chrono Boost)  
  37  5:17  Probe (Chrono Boost), Pylon  
  39  5:29  Probe (Chrono Boost)  
  39  5:35  Stargate  
  39  5:36  Probe (Chrono Boost)  
  40  5:45  Probe  
  40  5:48  Assimilator  
  41  5:50  Assimilator  
  41  5:52  Stargate  
  42  5:59  Probe (Chrono Boost)  
  42  6:00  Probe (Chrono Boost)  
  43  6:07  Stalker  
  47  6:12  Probe (Chrono Boost)  
  47  6:14  Probe (Chrono Boost)  
  47  6:17  Probe (Chrono Boost)  
  48  6:20  Phoenix (Chrono Boost)  
  48  6:21  Probe  
  47  6:27  Probe  
  48  6:33  Probe  
  48  6:39  Phoenix x2 (Chrono Boost), Probe  
  52  6:45  Probe  
  55  6:52  Probe  
  56  6:57  Probe  
  59  7:03  Phoenix (Chrono Boost)  
  59  7:04  Probe  
  59  7:07  Phoenix (Chrono Boost)  
  62  7:17  Pylon  
  62  7:32  Robotics Facility  
  62  7:35  Phoenix x2, Probe x2  
  68  7:39  Pylon  
  68  7:56  Adept  
  72  8:07  Sentry  
Show
View Real Time Build Order
Export as new Build Order

Reynor Zerg - Winner!

Build Orders: Pool First 

Get SALT Encoding   

  12  0:00  Drone  
  13  0:12  Drone  
  14  0:17  Overlord  
  14  0:36  Drone x3  
  17  0:46  Spawning Pool  
  16  1:12  Drone, Hatchery  
  16  1:33  Zergling x6  
  19  1:44  Overlord  
  19  1:45  Queen  
  21  1:55  Drone  
  22  2:06  Hatchery  
  22  2:07  Drone  
  22  2:11  Extractor  
  21  2:17  Drone  
  22  2:25  Queen, Zergling x2  
  25  2:32  Drone  
  26  2:37  Zergling x2  
  27  2:45  Drone  
  27  2:46  Queen  
  27  2:50  Zergling x2  
  31  2:56  Drone  
  32  2:58  Drone  
  33  3:08  Zergling x2  
  33  3:11  Spine Crawler  
  32  3:18  Drone x2  
  32  3:19  Drone  
  34  3:23  Metabolic Boost  
  34  3:26  Zergling x2  
  34  3:29  Drone  
  34  3:33  Zergling x2  
  36  3:34  Drone  
  36  3:39  Zergling x2  
  38  3:46  Drone x3  
  37  3:51  Drone x3  
  39  3:59  Zergling x2  
  39  4:00  Overlord  
  39  4:01  Drone  
  41  4:04  Zergling x2  
  42  4:13  Overlord  
  42  4:20  Drone  
  42  4:23  Zergling x2  
  45  4:29  Drone, Hatchery  
  44  4:33  Drone x3  
  44  4:34  Drone x2  
  47  4:39  Spine Crawler, Zergling x2  
  47  4:43  Zergling x6  
  50  4:46  Overlord  
  50  4:51  Drone x2  
  52  4:53  Overlord  
  52  4:57  Overlord  
  51  5:04  Queen, Overlord  
  53  5:08  Roach Warren  
  53  5:10  Drone x3  
  55  5:18  Spore Crawler  
  55  5:19  Drone  
  55  5:20  Spore Crawler  
  54  5:22  Lair  
  54  5:24  Extractor  
  54  5:25  Drone  
  54  5:26  Extractor  
  54  5:27  Drone  
  54  5:33  Overlord  
  54  5:40  Drone x2  
  56  5:52  Drone x7  
  56  5:53  Drone  
  64  6:03  Overlord  
  64  6:06  Roach x2, Spore Crawler  
  64  6:08  Pneumatized Carapace  
  64  6:09  Roach  
  64  6:10  Drone x2  
  71  6:13  Extractor  
  71  6:15  Extractor  
  69  6:20  Roach  
  69  6:21  Roach x4  
  69  6:24  Drone  
  80  6:27  Drone x2  
  80  6:28  Drone x3  
  80  6:31  Glial Reconstitution  
  85  6:35  Overseer  
  85  6:37  Drone x2  
  87  6:41  Roach x3  
  95  6:47  Roach x2  
  95  6:48  Overlord  
  97  6:54  Overlord  
  97  7:05  Overlord  
  97  7:09  Roach x4  
  97  7:10  Overlord  
  105  7:17  Spore Crawler  
  105  7:18  Drone  
  105  7:22  Spore Crawler  
  104  7:23  Zergling x4  
  104  7:24  Zergling x16  
  104  7:28  Zergling x4  
  104  7:29  Zergling x2  
  115  7:32  Overlord  
  115  7:33  Zergling x2  
  116  7:37  Zergling x2  
  116  7:43  Zergling x4  
  119  7:47  Ravager x3  
  119  7:48  Overlord  
  120  7:51  Zergling x8  
  120  7:52  Zergling x4  
  120  7:56  Overlord  

Tags
 
Add a new tag
Caveats
  • Supply blocks, unpowered buildings, or Contaminate may cause inaccurate times.
  • Supply counts are checked every 10 seconds.